 Dungeon Crawl Stone Soup version 0.12.3 (webtiles) character file.

269 zbede the Ruinous (level 4, -3/27 HPs)
             Began as a High Elf Conjurer on July 2, 2014.
             Succumbed to a kobold's poison
             ... on Level 3 of the Dungeon.
             The game lasted 00:17:44 (2668 turns).

zbede the Ruinous (High Elf Conjurer)               Turns: 2668, Time: 00:17:44

HP  -3/27        AC  8     Str  7      XL: 4   Next: 89%
MP  11/11        EV  1     Int 20      God:
Gold 139         SH  0     Dex 15      Spells:  3 memorised,  1 level left

Res.Fire  : . . .   See Invis. : .   k - +2 short sword
Res.Cold  : . . .   Warding    : .   l - +1 elf chain mail
Life Prot.: . . .   Conserve   : .   (no shield)
Res.Poison: .       Res.Corr.  : .   (no helmet)
Res.Elec. : .       Clarity    : .   (no cloak)
Sust.Abil.: . .     Spirit.Shd : .   (no gloves)
Res.Mut.  : .       Stasis     : .   (no boots)
Res.Rott. : .       Ctrl.Telep.: .   (no amulet)
Saprovore : . . .   Flight     : .   (no ring)
                                     q - ring of sustenance

@: extremely poisoned, slightly resistant to hostile enchantments, extremely
unstealthy
A: no striking features
a: no special abilities


You were on level 3 of the Dungeon.
You were not hungry.

You visited 1 branch of the dungeon, and saw 3 of its levels.

You collected 119 gold pieces.

Inventory:

Hand weapons
 d - a +0,+0 dagger
 k - a +2,+2 short sword (weapon)
Missiles
 e - 6 darts (quivered)
 h - 14 arrows
Armour
 a - a +1 elven robe
 l - a +1 elven chain mail (worn)
Comestibles
 b - 2 meat rations
 i - a rotting chunk of adder flesh
 n - a bread ration
 s - a sausage
Scrolls
 g - a scroll of enchant weapon II {unknown}
Jewellery
 j - an uncursed ring of life protection {unknown}
 q - a ring of sustenance (left hand)
Potions
 f - 2 potions of curing {unknown}
Books
 c - a book of Conjurations

   Spells                             Type                      Level
   *Magic Dart                        Conjuration                  1
   *Force Lance                       Conjuration                  2
   *Dazzling Spray                    Conjuration/Hexes            3
   Iskenderun's Mystic Blast          Conjuration                  4
   Iskenderun's Battlesphere          Conjuration/Charms           4
   Fulminant Prism                    Conjuration/Hexes            5


   Skills:
 + Level 0.7 Throwing
 + Level 2.7 Dodging
 + Level 2.2 Stealth
 - Level 0.1 Unarmed Combat
 + Level 2.4 Spellcasting
 * Level 6.0 Conjurations


You had one spell level left.
You knew the following spells:

 Your Spells              Type           Power        Failure   Level  Hunger
a - Magic Dart            Conj           #####        100%        1    #......
b - Force Lance           Conj           #####..      100%        2    ##.....
c - Dazzling Spray        Conj/Hex       ###......    100%        3    ###....


Dungeon Overview and Level Annotations

Branches:
Dungeon (3/27)

Altars:

Annotations
D:3 Crazy Yiuf


Message History

You feel sick.
The kobold shoots a poisoned needle.
The poisoned needle hits you!
You are more poisoned.
You continue taking off your +1 elven chain mail.
You feel very sick.
The kobold shoots a poisoned needle.
The poisoned needle hits you!
You are more poisoned.
You continue taking off your +1 elven chain mail.
You feel very sick.
The kobold shoots a poisoned needle.
The poisoned needle hits you!
You continue taking off your +1 elven chain mail.
You feel very sick.
The kobold shoots a poisoned needle.
The poisoned needle hits you!
You continue taking off your +1 elven chain mail.
You feel sick.
The kobold shoots a poisoned needle.
The poisoned needle hits you!
You are more poisoned.
* * * LOW HITPOINT WARNING * * *
You continue taking off your +1 elven chain mail.
You die...

### #.# #.# #.#
################ #.#
#......@.......# #.#
####.########.#(#K#
#.#####....#........#.#.#
........##.#.########.#.#
#.#####.##.# #.#.#
...........# #.K.#
#%#.###.##%# #..(########
....# #.##.# #...K......#
..#.# #.##.#
.#....#.......


You could see a kobold.

Vanquished Creatures
  Terence (D:3)
  4 adders
  A gnoll (D:1)
  A giant mite (D:2)
  2 giant geckos (D:1)
  6 bats
  3 giant cockroaches (D:2)
  9 goblins
  7 hobgoblins
  10 jackals
  A quokka (D:2)
  2 ball pythons (D:2)
  A giant newt (D:2)
  10 kobolds
  6 rats
64 creatures vanquished.

Notes
Turn   | Place    | Note
--------------------------------------------------------------
     0 | D:1      | zbede, the High Elf Conjurer, began the quest for the Orb.
     0 | D:1      | Reached XP level 1. HP: 11/11 MP: 4/4
   371 | D:1      | Reached XP level 2. HP: 17/17 MP: 5/5
   383 | D:1      | Learned a level 2 spell: Force Lance
   496 | D:1      | Reached skill level 5 in Conjurations
   591 | D:1      | Reached XP level 3. HP: 21/21 MP: 3/8
  1473 | D:2      | Reached XP level 4. HP: 27/27 MP: 6/10
  1478 | D:2      | Learned a level 3 spell: Dazzling Spray
  2085 | D:3      | Noticed Crazy Yiuf
  2351 | D:3      | Noticed Terence
  2401 | D:3      | Killed Terence
  2401 | D:3      | Reached skill level 6 in Conjurations
  2668 | D:3      | Succumbed to a kobold's poison

Action                   |  1- 3 |  4- 6 || total
-------------------------+-------+-------++-------
Melee: Unarmed           |     9 |       ||     9
       Dagger            |       |     8 ||     8
Throw: Dart              |     8 |     7 ||    15
 Cast: Magic Dart        |    75 |    49 ||   124
       Force Lance       |       |     4 ||     4
       Dazzling Spray    |       |     3 ||     3
  Use: Scroll            |     2 |     8 ||    10
       Potion            |       |     2 ||     2
